 Dungeon Crawl Stone Soup version 0.28.0-47-ge53b351184 (webtiles) character file.

Game seed: 9356813404030286773

308 DearestLeader the Shield-Bearer (level 6, -21/53 HPs)
             Began as a Gnoll Fighter on Apr 26, 2022.
             Killed from afar by Ijyb (30 damage)
             ... with a bolt of acid
             ... on level 3 of the Dungeon.
             The game lasted 00:05:00 (4014 turns).

DearestLeader the Shield-Bearer (Gnoll Fighter)     Turns: 4014, Time: 00:05:01

Health: -21/53     AC:  4    Str: 18    XL:     6   Next: 40%
Magic:  9/9        EV: 10    Int:  7    God:
Gold:   98         SH:  5    Dex: 11    Spells: 9/9 levels left

rFire   + . .      SeeInvis .   j - +2 club (spect)
rCold   . . .      Faith    .   c - +0 buckler
rNeg    . . .      Spirit   .   b - +0 scale mail
rPois   .          Reflect  .   m - +1 hat {Stlth+}
rElec   .          Harm     .   (no cloak)
rCorr   .          Rampage  .   (no gloves)
Will    .....                   (no boots)
Stlth   +.........              (no amulet)
HPRegen 0.17/turn               k - ring of protection from fire
MPRegen 0.11/turn               (no ring)

@: corroded
A: fangs 1, strong nose, distributed training
a: no special abilities


You were on level 3 of the Dungeon.
You visited 1 branch of the dungeon, and saw 3 of its levels.

You collected 98 gold pieces.

Inventory:

Hand Weapons
 a - a +0 war axe
 e - a +0 dagger of venom
 j - a +2 spectral club (weapon)
Missiles
 g - 14 poisoned darts (quivered)
Armour
 b - a +0 scale mail (worn)
 c - a +0 buckler (worn)
 h - a +2 hat
 m - a +1 hat of stealth (worn)
 o - a +0 helmet
Jewellery
 k - a ring of protection from fire (left hand)
Scrolls
 l - a scroll of summoning {unknown}
 p - a scroll of identify {unknown}
Potions
 d - a potion of might
 n - 2 potions of curing {unknown}
 q - a potion of degeneration {unknown}
 r - a potion of haste {unknown}


   Skills:
 + Level 6.8 Fighting
 + Level 2.0 Short Blades
 + Level 2.0 Long Blades
 + Level 5.0 Axes
 + Level 2.0 Maces & Flails
 + Level 2.0 Polearms
 + Level 2.0 Staves
 + Level 2.0 Slings
 + Level 2.0 Bows
 + Level 2.0 Crossbows
 + Level 2.0 Throwing
 + Level 6.8 Armour
 + Level 2.0 Dodging
 + Level 2.0 Stealth
 + Level 6.8 Shields
 + Level 2.0 Unarmed Combat
 + Level 2.0 Spellcasting
 + Level 1.5 Conjurations
 + Level 1.5 Hexes
 + Level 1.5 Summonings
 + Level 1.5 Necromancy
 + Level 1.5 Translocations
 + Level 1.5 Transmutations
 + Level 1.5 Fire Magic
 + Level 1.5 Ice Magic
 + Level 1.5 Air Magic
 + Level 1.5 Earth Magic
 + Level 1.5 Poison Magic
 + Level 2.1 Invocations
 + Level 2.0 Evocations


You had 9 spell levels left.
You didn't know any spells.
Your spell library contained the following spells:

 Spells                   Type           Power      Damage    Failure   Level
 Call Canine Familiar     Summ           2%         N/A       91%         3
 Ozocubu's Armour         Ice            2%         N/A       91%         3
 Portal Projectile        Hex/Tloc       4%         N/A       91%         3
 Ice Form                 Ice/Tmut       2%         N/A       100%        4
 Leda's Liquefaction      Hex/Erth       1%         N/A       100%        4
 Summon Forest            Summ/Tloc      1%         N/A       100%        5
 Ozocubu's Refrigeration  Ice            1%         4d5       100%        7


Dungeon Overview and Level Annotations

Branches:
Dungeon (3/15)

Altars:
Qazlal
Uskayaw

Annotations:
D:3 Grinder, Ijyb


Innate Abilities, Weirdness & Mutations

You have very sharp teeth.
Your uncanny sense of smell can sniff out nearby items.
Your experience applies equally to all skills.


Message History

Ijyb hits you but does no damage.
You hit Ijyb.
Ijyb is severely wounded.
You block Ijyb's attack.
You hit Ijyb but do no damage. You bite Ijyb, but do no damage.
Ijyb is severely wounded.
Ijyb zaps a wand.
The bolt of acid hits you!! The acid corrodes you!
You barely miss Ijyb.
Ijyb is severely wounded.
Ijyb screams, "Me stronger than you!" Ijyb hits you but does no damage.
You closely miss Ijyb.
Ijyb is severely wounded.
Ijyb zaps a wand.
The bolt of acid hits you!!
* * * LOW HITPOINT WARNING * * *
Ijyb hits you but does no damage.
You are too injured to fight recklessly!
You miss Ijyb.
Ijyb is severely wounded.
Ijyb hits you with a +0 dagger.
* * * LOW HITPOINT WARNING * * *
You hit Ijyb.
Ijyb is almost dead.
Ijyb hits you but does no damage.
You barely miss Ijyb.
Ijyb is almost dead.
Ijyb closely misses you.
You hit Ijyb.
Ijyb is almost dead.
Ijyb closely misses you. You block Ijyb's attack.
You hit Ijyb but do no damage.
Ijyb is almost dead.
Ijyb screams, "Get away!"
You block Ijyb's attack.
Unknown command.
You closely miss Ijyb.
Ijyb is almost dead.
Ijyb zaps a wand.
The bolt of acid hits you!!
Ouch! That really hurt!
You die...

#..........# #... ###
#..........# ##..
###### #.# #..........#
##. .....# #.#
#..........# ## .....#
#.# #..........# .....#
#.# #.......5..# .....#
#.# #.####g###..#
.....# #.## #g# #.#
.....# #..###@# #.#
.....# #....#.## #.# ##
.....# #.##.#..# #g# #.
.....# #.##..#.###.# #.
##.### #.###.......# #.
#.###
#.#####################
#...#
#.##..............)....
##.#.##
#.##.....####...)#...##
......# #.##...###
#....#...##


You could see Ijyb.

Vanquished Creatures
  A scorpion (D:3)
  An orc priest (D:2)
  Jessica (D:2)
  An orc wizard (D:2)
  Robin (D:3)
  4 gnolls
  3 adders (D:2)
  3 worms
  4 dart slugs
  4 orcs
  6 endoplasms
  4 giant cockroaches (D:1)
  15 goblins
  2 hobgoblins (D:3)
  7 kobolds
  A quokka (D:1)
  A ball python (D:1)
  6 bats
  7 frilled lizards
  9 rats
81 creatures vanquished.

Notes
Turn   | Place    | Note
-------+----------+-------------------------------------------
     0 | D:1      | DearestLeader the Gnoll Fighter began the quest for the
                  | Orb.
     0 | D:1      | Reached XP level 1. HP: 23/23 MP: 1/1
    65 | D:1      | Reached XP level 2. HP: 28/29 MP: 2/2
   121 | D:1      | Found a faded altar of an unknown god.
   497 | D:1      | Reached XP level 3. HP: 35/35 MP: 3/3
   891 | D:2      | Noticed Jessica
   896 | D:2      | Killed Jessica
   897 | D:2      | Reached skill level 1 in Short Blades
   897 | D:2      | Reached skill level 1 in Long Blades
   897 | D:2      | Reached skill level 1 in Maces & Flails
   897 | D:2      | Reached skill level 1 in Polearms
   897 | D:2      | Reached skill level 1 in Staves
   897 | D:2      | Reached skill level 1 in Slings
   897 | D:2      | Reached skill level 1 in Bows
   897 | D:2      | Reached skill level 1 in Crossbows
   897 | D:2      | Reached skill level 1 in Throwing
   897 | D:2      | Reached skill level 1 in Dodging
   897 | D:2      | Reached skill level 1 in Stealth
   897 | D:2      | Reached skill level 1 in Unarmed Combat
   897 | D:2      | Reached skill level 1 in Spellcasting
   897 | D:2      | Reached skill level 1 in Invocations
   897 | D:2      | Reached skill level 1 in Evocations
  1018 | D:2      | Reached XP level 4. HP: 16/41 MP: 5/5
  1409 | D:1      | Reached skill level 1 in Conjurations
  1409 | D:1      | Reached skill level 1 in Hexes
  1409 | D:1      | Reached skill level 1 in Summonings
  1409 | D:1      | Reached skill level 1 in Necromancy
  1409 | D:1      | Reached skill level 1 in Translocations
  1409 | D:1      | Reached skill level 1 in Transmutations
  1409 | D:1      | Reached skill level 1 in Fire Magic
  1409 | D:1      | Reached skill level 1 in Ice Magic
  1409 | D:1      | Reached skill level 1 in Air Magic
  1409 | D:1      | Reached skill level 1 in Earth Magic
  1409 | D:1      | Reached skill level 1 in Poison Magic
  1730 | D:2      | Reached XP level 5. HP: 38/47 MP: 5/7
  2101 | D:2      | Got the Handbook of Supportive Transmigration
  2162 | D:2      | Found a hide-covered altar of Uskayaw.
  2411 | D:3      | Noticed Robin
  2643 | D:3      | Killed Robin
  2708 | D:3      | Reached XP level 6. HP: 48/50 MP: 8/8
  3065 | D:3      | Found a stormy altar of Qazlal.
  3128 | D:3      | Reached skill level 5 in Axes
  3423 | D:3      | Noticed Ijyb
  3434 | D:3      | Noticed Grinder
  4014 | D:3      | Killed from afar by Ijyb

Illustrated notes

Levels and vault maps discovered:
D:1:      dpeg_arrival_arbitrary_a, layout_basic,
          dreamdust_ecumenical_altar_angels_and_demons, st_stairs_2,
          hangedman_decor_peaks_small, minmay_domino_2
D:2:      layout_basic, basic_altar, uniq_jessica
D:3:      minmay_recursive_quarters, layout_rooms,
          mainiacjoe_overflow_tiny_flanked, minmay_misc_feat_columns,
          minmay_misc_feat_rows, corexii_leaking_fountain, uniq_robin,
          uniq_ijyb, uniq_grinder

Skill      XL: |  1  2  3  4  5  6 |
---------------+-------------------+-----
Short Blades   | 1 2 |  2.0
Long Blades    | 1 2 |  2.0
Maces & Flails | 1 2 |  2.0
Polearms       | 1 2 |  2.0
Staves         | 1 2 |  2.0
Slings         | 1 2 |  2.0
Bows           | 1 2 |  2.0
Crossbows      | 1 2 |  2.0
Throwing       | 1 2 |  2.0
Dodging        | 1 2 |  2.0
Stealth        | 1 2 |  2.0
Unarmed Combat | 1 2 |  2.0
Spellcasting   | 1 2 |  2.0
Invocations    | 1 2 |  2.1
Evocations     | 1 2 |  2.0
Conjurations   | 1 |  1.5
Hexes          | 1 |  1.5
Summonings     | 1 |  1.5
Necromancy     | 1 |  1.5
Translocations | 1 |  1.5
Transmutations | 1 |  1.5
Fire Magic     | 1 |  1.5
Ice Magic      | 1 |  1.5
Air Magic      | 1 |  1.5
Earth Magic    | 1 |  1.5
Poison Magic   | 1 |  1.5
Axes           | 5 |  5.0
Fighting       | |  6.8
Armour         | |  6.8
Shields        | |  6.8

Action                   |  1- 3 |  4- 6 || total
-------------------------+-------+-------++-------
Melee: War axe           |    57 |       ||    57
       Bite              |     9 |    24 ||    33
       Club              |     6 |   136 ||   142
  Use: Scroll            |       |     2 ||     2
 Stab: Sleeping          |       |     2 ||     2
Armor: Scale mail        |    36 |    69 ||   105
Dodge: Dodged            |    36 |    50 ||    86
Block: Buckler           |    10 |    32 ||    42
